 Dungeon Crawl Stone Soup version 0.27.1 (webtiles) character file.

Game seed: 955875019272077265

95 TinyDot the Grasshopper (level 4, -2/37 HPs)
             Began as a Ghoul Warper on Aug 23, 2021.
             Was a Believer of Lugonu.
             Slain by a hornet (3 damage)
             ... on level 4 of the Dungeon.
             The game lasted 00:21:14 (3147 turns).

TinyDot the Grasshopper (Ghoul Warper)              Turns: 3147, Time: 00:21:14

Health: -2/37      AC: 10    Str: 15    XL:     4   Next: 65%
Magic:  5/5        EV:  6    Int:  8    God:    Lugonu [**....]
Gold:   148        SH:  5    Dex:  8    Spells: 6/6 levels left

rFire    + + .     SeeInvis .   e - +0 short sword (speed)
rCold    . . .     Faith    .   (no shield)
rNeg     + + +     Spirit   .   n - +1 chain mail {rF+}
rPois    ∞         Reflect  +   (no helmet)
rElec    .         Harm     .   v - +0 cloak
rCorr    .         Rampage  .   (no gloves)
Will     .....                  (no boots)
Stlth    ..........             o - amulet of reflection
HPRegen  0.00/turn              t - ring of fire
MPRegen  0.09/turn              (no ring)

@: inhibited regen
A: claws 1, cold resistance 1, negative energy resistance 3, inhibited
regeneration, torment resistance 2
a: Renounce Religion, Depart the Abyss, Bend Space


You were on level 4 of the Dungeon.
You worshipped Lugonu.
Lugonu was pleased with you.
You visited 1 branch of the dungeon, and saw 4 of its levels.

You collected 148 gold pieces.

Inventory:

Hand Weapons
 e - a +0 short sword of speed (weapon)
 f - a +0 dagger
 g - a +0 dagger
 q - a +0 short sword
Missiles
 c - a boomerang of dispersal
 l - 19 bolts
 x - 22 poisoned darts
Armour
 a - a +0 leather armour
 k - a +0 robe
 m - a +0 scale mail
 n - a +1 chain mail of fire resistance (worn)
 p - a +0 ring mail
 s - a +0 leather armour
 v - a +0 cloak (worn)
Magical Staves
 j - a staff of cold
Jewellery
 o - an amulet of reflection (around neck)
 t - a ring of fire (left claw)
Wands
 z - a wand of paralysis (7) (quivered)
Scrolls
 b - a scroll of blinking
 w - a scroll of identify
 y - a scroll of fog {unknown}
Potions
 d - a potion of mutation {unknown}
 h - a potion of curing {unknown}
 i - a potion of might
 r - a potion of flight {unknown}
 u - a potion of attraction {unknown}
 A - a potion of degeneration {unknown}
 B - a potion of resistance {unknown}


   Skills:
 + Level 2.4 Fighting
 + Level 1.3 Short Blades
 + Level 1.0 Throwing
 + Level 1.6 Armour
 + Level 2.2 Dodging
 + Level 0.1 Shields
 + Level 3.1 Unarmed Combat
 + Level 1.9 Spellcasting
 + Level 3.1 Translocations


You had 6 spell levels left.
You didn't know any spells.
Your spell library contained the following spells:

 Spells                   Type           Power      Damage    Failure   Level
 Blink                    Tloc           N/A        N/A       98%         2
 Corpse Rot               Necr/Air       N/A        N/A       100%        2
 Gell's Gravitas          Tloc           2%         N/A       100%        3
 Lesser Beckoning         Tloc           2%         N/A       100%        3
 Teleport Other           Tloc           5%         N/A       100%        3
 Dispel Undead            Necr           0%         3d6       100%        4
 Manifold Assault         Tloc           5%         N/A       100%        5
 Death Channel            Necr           0%         N/A       100%        6


Dungeon Overview and Level Annotations

Branches:
Dungeon (4/15)             Temple (0/1) D:4

Altars:
Yredelemnul
Lugonu


Innate Abilities, Weirdness & Mutations

You thrive by killing the living.
You are immune to poison.
You have sharp fingernails.
Your flesh is cold resistant. (rC+)
You are immune to negative energy. (rN+++)
You do not regenerate when monsters are visible.
You are immune to unholy pain and torment.


Message History

You see here a jackal corpse.
You see here a jackal corpse.
You now have 148 gold pieces (gained 12).
There is a stone staircase leading up here.
A - a glowing yellow potion
B - a golden potion
Found a staircase to the Ecumenical Temple.
A hornet comes into view.
Found a scroll labelled DACUGI FYESOEG.
The hornet buzzes angrily.
You hit the hornet but do no damage. You miss the hornet.
The hornet stings you!
You miss the hornet. You block the hornet's attack.
You miss the hornet. The hornet closely misses you.
You hit the hornet.
The hornet is lightly wounded.
The hornet stings you!
You hit the hornet.
The hornet is lightly wounded.
The hornet stings you but does no damage.
You hit the hornet but do no damage.
The hornet is lightly wounded.
You block the hornet's attack.
You hit the hornet but do no damage.
The hornet is lightly wounded.
You block the hornet's attack.
You closely miss the hornet.
The hornet is lightly wounded.
You block the hornet's attack.
You closely miss the hornet.
The hornet is lightly wounded.
The hornet stings you!
* * * LOW HITPOINT WARNING * * *
You hit the hornet.
The hornet is moderately wounded.
The hornet stings you but does no damage.
You hit the hornet.
The hornet is moderately wounded.
The hornet stings you.
You die...

.. #.. .?. ... .>
... ...# .. #.. #
...##. #.. .# .
#..#.#.. #.## ..
#..... #.... ...
#..y##....
....#..@#..#
#........# #
#.###......# #
###.#####.#.## #
#... ..##.#.# # #.#.
#.##.#.#
########.#.##.##.# .
......##.#.......#.#
.#.##.##.##........#


You could see a hornet.

Vanquished Creatures
  4 adders
  2 worms
  2 dart slugs
  A ball python (D:3)
  3 endoplasms
  5 giant cockroaches
  3 goblins
  6 hobgoblins
  3 jackals (D:4)
  A quokka (D:1)
  3 bats
  3 frilled lizards
  4 kobolds
  7 rats
47 creatures vanquished.

Vanquished Creatures (others)
  2 plants (D:2)
2 creatures vanquished.

Grand Total: 49 creatures vanquished

Notes
Turn   | Place    | Note
-------+----------+-------------------------------------------
     0 | D:1      | TinyDot the Ghoul Warper began the quest for the Orb.
     0 | D:1      | Reached XP level 1. HP: 17/17 MP: 2/2
    62 | D:1      | Reached skill level 1 in Throwing
   201 | D:1      | Reached XP level 2. HP: 24/24 MP: 3/3
   234 | D:1      | Found a faded altar of an unknown god.
   259 | D:1      | Became a worshipper of Lugonu the Unformed
   259 | D:1      | Reached * piety under Lugonu
   259 | D:1      | Reached ** piety under Lugonu
   792 | D:1      | Reached skill level 1 in Armour
  1086 | D:2      | Found a basalt altar of Yredelemnul.
  1117 | D:2      | Reached XP level 3. HP: 22/29 MP: 4/4
  2184 | D:2      | Reached XP level 4. HP: 37/37 MP: 5/5
  2284 | D:2      | Reached skill level 1 in Short Blades
  2796 | D:3      | Reached *** piety under Lugonu
  3134 | D:4      | Found a staircase to the Ecumenical Temple.
  3135 | D:4      | Noticed a hornet
  3145 | D:4      | HP: 1/37 [hornet (13)]
  3147 | D:4      | Slain by a hornet

Illustrated notes

Levels and vault maps discovered:
D:1:      nicolae_arrival_washed_ashore, layout_basic,
          hellmonk_ecumenical_altar_pennies_from_heaven,
          minmay_misc_feat_enclosed
D:2:      layout_basic, basic_altar, serial_forest,
          infiniplex_forest_straight_4, infiniplex_forest_clump_C,
          infiniplex_forest_lined_1, infiniplex_forest_zigzag_2,
          infiniplex_forest_zigzag_1, infiniplex_forest_zigzag_1,
          infiniplex_forest_diagonal, infiniplex_forest_straight_2,
          kennysheep_generic_room_11
D:3:      layout_rooms, general_overflow_altar
D:4:      layout_loops_cross, nzn_wu_jian_contemplation,
          minmay_temple_entry_waves, serial_shops, nicolae_shop_waterfront,
          hangedman_decor_diamond_cutter, kennysheep_generic_room_6,
          uniq_natasha

Skill      XL: |  1  2  3  4 |
---------------+-------------+-----
Throwing       | 1 |  1.0
Translocations | 3 |  3.1
Armour         | 1 |  1.6
Dodging        | 2 |  2.2
Unarmed Combat | 3 |  3.1
Short Blades   | 1 |  1.3
Fighting       | |  2.4
Shields        | |  0.1
Spellcasting   | |  1.9

Action                   |  1- 3 |  4- 6 || total
-------------------------+-------+-------++-------
Melee: Unarmed           |    12 |       ||    12
       Short sword       |   147 |   122 ||   269
       Punch             |     1 |       ||     1
Throw: Boomerang         |     3 |     1 ||     4
Evoke: Wand              |       |     1 ||     1
  Use: Scroll            |     2 |       ||     2
Armor: Leather armour    |     7 |       ||     7
       Chain mail        |    54 |    58 ||   112
Dodge: Dodged            |    49 |    37 ||    86
Block: Other             |    14 |    34 ||    48
